 Dungeon Crawl Stone Soup version 0.20-a0-435-gf4ea4dd (webtiles) character file.

36 Asddderdsw the Grasshopper (level 3, -2/30 HPs)
             Began as a Draconian Warper on Jan 5, 2017.
             Slain by a worm (3 damage)
             ... on level 2 of the Dungeon.
             The game lasted 00:10:01 (804 turns).

Asddderdsw the Grasshopper (Draconian Warper)        Turns: 804, Time: 00:10:02

Health: -2/30      AC:  5    Str: 13    XL:     3   Next: 19%
Magic:  6/6        EV: 12    Int: 14    God:
Gold:   94         SH:  0    Dex: 10    Spells: 2/6 levels left

rFire  . . .     SeeInvis .     a - +0 falchion
rCold  . . .     Gourm    .     (armour unavailable)
rNeg   . . .     Faith    .     (no shield)
rPois  .         Spirit   .     (helmet restricted)
rElec  .         Reflect  .     (no cloak)
rCorr  .         Harm     .     (no gloves)
MR     .....                    (no boots)
Stlth  +.........               (no amulet)
                                (no ring)
                                (no ring)

@: no status effects
A: unfitting armour, cold-blooded, AC +5
a: no special abilities


You were on level 2 of the Dungeon.
You were not hungry.

You visited 1 branch of the dungeon, and saw 2 of its levels.

You collected 94 gold pieces.

Inventory:

Hand Weapons
 a - a +0 falchion (weapon)
 g - a +0 dagger
 h - a +0 club
 k - a +0 hand axe
Missiles
 d - 5 tomahawks of dispersal (quivered)
 j - 27 sling bullets
Scrolls
 c - a scroll of blinking
 i - a scroll of identify {unknown}
Potions
 e - 2 potions of mutation {unknown}
 l - a potion of haste {unknown}
Books
 b - a book of Spatial Translocations

   Spells                             Type                      Level
   a - Blink                          Translocation                2
   b - Shroud of Golubria             Charms/Translocation         2
   c - Lesser Beckoning               Translocation                3
   d - Portal Projectile              Translocation                3
   e - Teleport Other                 Translocation                3
   f - Passage of Golubria            Translocation                4
Comestibles
 f - a bread ration


   Skills:
 + Level 2.7 Fighting
 + Level 2.6 Long Blades
 + Level 1.0 Throwing
 + Level 2.6 Dodging
 + Level 2.0 Spellcasting
 + Level 3.0 Translocations


You had 2 spell levels left.
You knew the following spells:

 Your Spells              Type           Power        Failure   Level  Hunger
a - Blink                 Tloc           N/A          12%         2    ###....
b - Shroud of Golubria    Chrm/Tloc      #.........   21%         2    ###....


Dungeon Overview and Level Annotations

Branches:
Dungeon (2/15)

Altars:

Annotations:
D:2 Terence


Innate Abilities, Weirdness & Mutations

Your plain brown scales are hard. (AC +5)
You cannot fit into any form of body armour.
You are cold-blooded and may be slowed by cold attacks.


Message History

The worm bites you.
You hit the worm but do no damage.
The worm is lightly wounded.
You hit the worm. You tail-slap the worm.
The worm is moderately wounded.
The worm bites you. The worm bites you!
* * * LOW HITPOINT WARNING * * *
You hit the worm.
You tail-slap the worm, but do no damage.
The worm is heavily wounded.
The worm bites you.
* * * LOW HITPOINT WARNING * * *
The worm closely misses you.
You hit the worm but do no damage.
The worm is heavily wounded.
The worm closely misses you.
You riposte.
You barely miss the worm. You hit the worm.
The worm is severely wounded.
The worm bites you.
You die...

####..### .
#.......#.#
#.##.<#.#.# #......#
#+## # ###.#.### #...#
#.#..<#.# #.....
#...>...## #......
###........####w......
..............@w......
###........####.......
####.##.## #...... #.
### #@.... #. ..### #.
.≈≈ #. .≈# #. (..


You could see Terence and 2 worms.

Vanquished Creatures
  An adder (D:2)
  A gnoll (D:1)
  A dart slug (D:1)
  6 goblins
  A hobgoblin (D:1)
  A kobold (D:1)
  A ball python (D:1)
  4 bats
  A rat (D:1)
17 creatures vanquished.

Notes
Turn   | Place    | Note
-------+----------+-------------------------------------------
     0 | D:1      | Asddderdsw the Draconian Warper began the quest for the Orb.
     0 | D:1      | Reached XP level 1. HP: 17/17 MP: 3/3
   143 | D:1      | Reached skill level 1 in Throwing
   315 | D:1      | Reached XP level 2. HP: 21/25 MP: 5/5
   371 | D:1      | Learned a level 2 spell: Blink
   374 | D:1      | Learned a level 2 spell: Shroud of Golubria
   766 | D:2      | Reached XP level 3. HP: 17/30 MP: 6/6
   798 | D:2      | Noticed Terence
   802 | D:2      | HP: 1/30 [worm (5)]
   804 | D:2      | Slain by a worm

Vault maps used:
D:1:      shiori_arrival_maze
D:2:      kennysheep_slug_shrine, elyvilon_altar_4, uniq_terence

Skill      XL: |  1 |
---------------+----+-----
Throwing       | 1 |  1.0
Fighting       | |  2.7
Long Blades    | |  2.6
Dodging        | |  2.6
Spellcasting   | |  2.0
Translocations | |  3.0

Action                   || total
-------------------------++-------
Melee: Falchion          ||    55
       Tailslap          ||     9
Armor: Skin              ||    13
Dodge: Dodged            ||    37
       Rpst.: Falchion   ||    12
